 Dungeon Crawl Stone Soup version 0.22.1-1-ga44c0e5 (webtiles) character file.

4699 whitewolfNL the Basher (level 10, -4/86 HPs)
             Began as a Minotaur Berserker on Nov 6, 2018.
             Was a High Priest of Trog.
             Killed from afar by an electric eel (6 damage)
             ... with a bolt of electricity
             ... on level 9 of the Dungeon.
             The game lasted 01:17:53 (10981 turns).

whitewolfNL the Basher (Minotaur Berserker)        Turns: 10981, Time: 01:17:54

Health: -4/86      AC: 14    Str: 22    XL:     10   Next: 21%
Magic:  9/9        EV: 11    Int:  5    God:    Trog [*****.]
Gold:   531        SH:  0    Dex: 12    Spells: 9/9 levels left

rFire    . . .     SeeInvis .   u - +1 dire flail (protect)
rCold    . . .     Gourm    .   (shield currently unavailable)
rNeg     . . .     Faith    .   C - +0 plate armour
rPois    .         Spirit   .   (helmet restricted)
rElec    .         Reflect  .   M - +0 cloak
rCorr    .         Harm     .   (no gloves)
MR       .....                  (no boots)
Stlth    ..........             (no amulet)
HPRegen  0.24/turn              N - ring of stealth
MPRegen  0.11/turn              x - +2 ring of evasion

@: berserk cooldown, slowed, very slow
A: retaliatory headbutt, horns 2
a: Berserk, Trog's Hand, Brothers in Arms, Renounce Religion


You were on level 9 of the Dungeon.
You worshipped Trog.
Trog was extremely pleased with you.
You were not hungry.

You visited 1 branch of the dungeon, and saw 9 of its levels.

You collected 531 gold pieces.

Inventory:

Hand Weapons
 h - the +3 whip "Unetz" {flame, *Drain Dex+3, unknown}
   (You found it on level 7 of the Dungeon)

   It has been specially enchanted to burn those struck by it, causing extra
   injury to most foes and up to half again as much damage against particularly
   susceptible opponents.
   It affects your dexterity (+3).
   It causes draining when unequipped.
 s - a +0 blowgun
 u - a +1 dire flail of protection (weapon)
 H - a +0 shortbow
 L - a +0 trident of freezing
 O - a +0 battleaxe
Missiles
 j - 189 arrows
 l - 90 bolts
 q - 75 sling bullets
 r - 2 javelins of returning (quivered)
 E - 42 poisoned needles
 F - 2 throwing nets
 K - 2 curare-tipped needles
Armour
 t - a +2 scale mail of fire resistance
 C - a +0 plate armour (worn)
 M - a +0 cloak (worn)
Jewellery
 k - an uncursed ring of poison resistance
 x - a +2 ring of evasion (right hand)
 y - an uncursed ring of protection from cold
 N - a ring of stealth (left hand)
 Q - an uncursed amulet of regeneration {unknown}
Wands
 z - a wand of enslavement (17)
 D - a wand of acid (7)
 P - a wand of iceblast (9)
Scrolls
 d - 4 scrolls of enchant armour
 e - 2 scrolls of amnesia {unknown}
 m - 8 scrolls of teleportation
 o - 10 scrolls of remove curse
 v - a scroll of random uselessness {unknown}
 w - a scroll of magic mapping {unknown}
 I - 2 scrolls of fear {unknown}
Potions
 a - a potion of heal wounds {unknown}
 b - a potion of berserk rage {unknown}
 f - 2 potions of magic
 g - 3 potions of curing
 i - a potion of mutation {unknown}
 n - a potion of agility {unknown}
 p - a potion of might
 A - 2 potions of lignification
 B - a potion of resistance {unknown}
 G - a potion of ambrosia {unknown}
 J - 2 potions of degeneration {unknown}
Comestibles
 c - 11 rations


   Skills:
 + Level 7.1 Fighting
 - Level 7.1(10.0) Axes
 * Level 11.0(11.7) Maces & Flails
 - Level 1.1 Bows
 * Level 2.4 Throwing
 * Level 6.8 Armour
 + Level 6.7 Dodging
 - Level 3.0 Stealth
 * Level 0.7 Evocations


You had 9 spell levels left.
You didn't know any spells.
Your spell library was empty.

Dungeon Overview and Level Annotations

Branches:
Dungeon (9/15)             Temple (0/1) D:7
   Lair: D:8-11         Orc: D:9-12

Altars:
Ashenzari
Hepliaklqana
Okawaru
Ru
Trog

Shops:
D:8 [


Innate Abilities, Weirdness & Mutations

You reflexively headbutt those who attack you in melee.
You have a pair of horns on your head.


Message History

The bolt of electricity hits the electric eel.
The electric eel completely resists.
The bolt of electricity hits you!
* * * LOW HITPOINT WARNING * * *
The ice beast hits you but does no damage.
The electric eel shoots out a bolt of lightning at you!
The bolt of electricity hits you!
* * * LOW HITPOINT WARNING * * *
The bolt of electricity misses you.
The electric eel shoots out a bolt of lightning at you!
The bolt of electricity hits the electric eel.
The electric eel completely resists.
The bolt of electricity hits you!
* * * LOW HITPOINT WARNING * * *
The ice beast hits you but does no damage.
The electric eel shoots out a bolt of lightning at you!
The bolt of electricity hits you!
* * * LOW HITPOINT WARNING * * *
The electric eel shoots out a bolt of lightning at you!
The bolt of electricity misses the electric eel.
The bolt of electricity hits you!
You die...

#######+###
#...:.....#
#.........#
#.........#
#.........#
#<..<.....#
#.........#
#.........#
#####.'@#######
........######♣
#####..Y;P≈≈≈≈≈
#...≈P≈≈≈P≈
#..†;P≈≈≈≈≈
#....;≈≈≈P≈
#...≈≈≈PP≈≈
#....≈≈≈≈≈≈
#.....≈P≈≈≈


You could see an ice beast and 3 electric eels.

Vanquished Creatures
  Erica (D:8)
  Pikel (D:7)
  Joseph (D:8)
  A hippogriff (D:8)
  Sigmund (D:5)
  Eustachio (D:6)
  Menkaure (D:6)
  Edmund (D:5)
  2 water moccasins (D:8)
  Duvessa (D:6)
  A slave (D:7)
  An orc warrior (D:8)
  2 ogres (D:6)
  3 centaurs
  2 big kobolds (D:7)
  2 bullfrogs
  Blork the orc (D:5)
  A gnoll sergeant (D:7)
  Dowan (D:6)
  2 scorpions
  4 killer bees
  5 howler monkeys
  An electric eel (D:6)
  5 crimson imps
  A hound (D:7)
  3 jellies
  A quasit (D:9)
  Crazy Yiuf (D:5)
  2 bullfrog skeletons
  A centaur skeleton (D:7)
  An orc priest (D:7)
  An orc wizard (D:7)
  2 worker ants
  2 hound skeletons
  8 gnolls
  9 adders
  An ooze (D:4)
  An adder skeleton (D:6)
  2 worms
  17 dart slugs
  2 leopard geckos
  26 orcs
  7 giant cockroaches
  3 goblins
  8 hobgoblins
  A quokka (D:8)
  6 bats
  11 frilled lizards
  18 kobolds
  6 rats
183 creatures vanquished.

Vanquished Creatures (others)
  3 slaves (D:7)
  2 kobolds (D:7)
  4 plants (D:9)
9 creatures vanquished.

Grand Total: 192 creatures vanquished

Notes
Turn   | Place    | Note
-------+----------+-------------------------------------------
     0 | D:1      | whitewolfNL the Minotaur Berserker began the quest for the
                  | Orb.
     0 | D:1      | Reached XP level 1. HP: 19/19 MP: 0/0
   353 | D:1      | Reached XP level 2. HP: 26/26 MP: 1/1
  1375 | D:2      | Reached ** piety under Trog
  1484 | D:2      | Reached XP level 3. HP: 33/33 MP: 2/2
  1665 | D:2      | Found a shattered altar of Ashenzari.
  2190 | D:2      | Reached skill level 5 in Axes
  2526 | D:3      | Reached XP level 4. HP: 40/40 MP: 3/3
  3154 | D:3      | HP: 2/40 [something (34)]
  3990 | D:3      | Reached XP level 5. HP: 46/46 MP: 4/4
  4358 | D:4      | Reached skill level 1 in Stealth
  4938 | D:4      | Reached XP level 6. HP: 51/53 MP: 5/5
  5018 | D:5      | Entered Level 5 of the Dungeon
  5037 | D:5      | Reached *** piety under Trog
  5049 | D:5      | Noticed Edmund
  5078 | D:5      | Killed Edmund
  5598 | D:5      | Noticed Sigmund
  5606 | D:5      | Killed Sigmund
  5606 | D:5      | Reached skill level 1 in Maces & Flails
  5606 | D:5      | Reached XP level 7. HP: 54/60 MP: 6/6
  6103 | D:5      | Noticed Blork the orc
  6110 | D:5      | Killed Blork the orc
  6110 | D:5      | Reached skill level 2 in Maces & Flails
  6216 | D:5      | Found a runed door.
  6220 | D:5      | Noticed Crazy Yiuf
  6223 | D:5      | Killed Crazy Yiuf
  6439 | D:6      | Noticed Menkaure
  6441 | D:6      | Reached skill level 3 in Maces & Flails
  6447 | D:6      | Reached skill level 5 in Fighting
  6449 | D:6      | HP: 1/61 [Menkaure (8)]
  6450 | D:6      | Killed Menkaure
  6450 | D:6      | Reached skill level 4 in Maces & Flails
  6450 | D:6      | Reached XP level 8. HP: 2/68 MP: 7/7
  6910 | D:6      | Reached skill level 5 in Armour
  6934 | D:6      | Noticed Eustachio
  6945 | D:6      | Killed Eustachio
  6945 | D:6      | Reached skill level 5 in Maces & Flails
  7913 | D:6      | Noticed Duvessa
  7913 | D:6      | Noticed Dowan
  7919 | D:6      | Killed Duvessa
  7927 | D:6      | Killed Dowan
  7927 | D:6      | Reached skill level 6 in Maces & Flails
  7927 | D:6      | Reached skill level 5 in Dodging
  8145 | D:6      | Found a sacrificial altar of Ru.
  8222 | D:6      | Reached **** piety under Trog
  8448 | D:7      | Found an iron altar of Okawaru.
  8517 | D:7      | Reached skill level 1 in Bows
  8517 | D:7      | Reached skill level 1 in Throwing
  8633 | D:7      | Reached skill level 7 in Maces & Flails
  8652 | D:7      | Reached XP level 9. HP: 72/75 MP: 8/8
  8714 | D:7      | Found a staircase to the Ecumenical Temple.
  8759 | D:7      | Noticed Pikel
  8774 | D:7      | Killed Pikel
  8774 | D:7      | Reached skill level 8 in Maces & Flails
  8942 | D:8      | Found a bloodstained altar of Trog.
  8947 | D:8      | Reached skill level 9 in Maces & Flails
  9276 | D:8      | Noticed Erica
  9285 | D:8      | Killed Erica
  9285 | D:8      | Reached skill level 10 in Maces & Flails
  9301 | D:8      | Reached ***** piety under Trog
  9388 | D:8      | Reached XP level 10. HP: 84/84 MP: 9/9
  9488 | D:8      | Noticed Joseph
  9500 | D:8      | Killed Joseph
  9827 | D:8      | Found Pody's Antique Armour Shop.
 10705 | D:7      | Got a polished whip
 10837 | D:7      | Found a hazy altar of Hepliaklqana.
 10977 | D:9      | Reached skill level 11 in Maces & Flails
 10980 | D:9      | HP: 2/86 [electric eel/bolt of electricity (9)]
 10981 | D:9      | Killed from afar by an electric eel

Skill      XL: |  1  2  3  4  5  6  7  8  9 10 |
---------------+-------------------------------+-----
Axes           | 4 5 6 7 |  7.1
Fighting       | 4 5 6 7 |  7.1
Dodging        | 3 4 5 6 |  6.7
Armour         | 3 4 6 |  6.8
Stealth        | 1 2 3 |  3.0
Maces & Flails | 1 4 7 10 11 | 11.0
Bows           | 1 |  1.1
Throwing       | 1 2 |  2.4
Evocations     | |  0.7

Action                   |  1- 3 |  4- 6 |  7- 9 | 10-12 || total
-------------------------+-------+-------+-------+-------++-------
Melee: Hand axe          |    83 |    62 |       |       ||   145
       Headbutt          |    15 |    21 |    38 |     6 ||    80
       Rapier            |       |     3 |       |       ||     3
       War axe           |       |    33 |       |       ||    33
       Dire flail        |       |     4 |   168 |    46 ||   218
       Whip              |       |       |    41 |       ||    41
 Fire: Blowgun           |       |       |    20 |       ||    20
       Shortbow          |       |       |    15 |       ||    15
Throw: Tomahawk          |       |       |     6 |       ||     6
       Javelin           |       |       |       |     2 ||     2
Invok: Berserk           |     4 |     3 |    11 |     4 ||    22
  Use: Scroll            |     3 |     2 |     2 |     1 ||     8
       Potion            |       |       |     2 |       ||     2
 Stab: Paralysed         |       |       |     1 |       ||     1
  Eat: Chunk             |     8 |     9 |    13 |     5 ||    35
       Ration            |       |     1 |     3 |     1 ||     5
Armor: Animal skin       |     5 |       |       |       ||     5
       Plate armour      |    16 |    14 |   104 |    27 ||   161
       Leather armour    |     1 |       |       |       ||     1
       Scale mail        |       |    21 |    25 |       ||    46
Dodge: Dodged            |    46 |    38 |   174 |    25 ||   283
